 Dungeon Crawl Stone Soup version 0.22.1-2-g9c5b331383 (webtiles) character file.

469 Gargoyl the Skirmisher (level 6, -1/52 HPs)
             Began as a Centaur Abyssal Knight on Dec 13, 2018.
             Was a Believer of Lugonu.
             Slain by a wyvern (13 damage)
             ... on level 4 of the Dungeon.
             The game lasted 00:07:06 (4647 turns).

Gargoyl the Skirmisher (Centaur Abyssal Knight)     Turns: 4647, Time: 00:07:07

Health: -1/52      AC:  9    Str: 15    XL:     6   Next: 82%
Magic:  8/8        EV:  8    Int: 11    God:    Lugonu [**....]
Gold:   166        SH:  0    Dex: 10    Spells: 5/5 levels left

rFire    . . .     SeeInvis .   a - +2 hand axe
rCold    . . .     Gourm    .   (no shield)
rNeg     . . .     Faith    .   n - +0 ring mail
rPois    .         Spirit   .   e - +2 helmet
rElec    .         Reflect  .   (no cloak)
rCorr    .         Harm     .   (no gloves)
MR       .....                  (no barding)
Stlth    ..........             (no amulet)
HPRegen  0.17/turn              (no ring)
MPRegen  0.11/turn              (no ring)

@: heavily drained, very quick
A: large, hooves 3, deformed body, speed 2, tough skin 3
a: Depart the Abyss, Bend Space, Renounce Religion


You were on level 4 of the Dungeon.
You worshipped Lugonu.
Lugonu was pleased with you.
You were not hungry.

You visited 1 branch of the dungeon, and saw 4 of its levels.
You visited the Abyss 1 time.

You collected 166 gold pieces.

Inventory:

Hand Weapons
 a - a +2 hand axe (weapon)
Missiles
 k - a curare-tipped needle
Armour
 e - a +2 helmet (worn)
 n - a +0 ring mail (worn)
Wands
 d - a wand of acid (17)
Scrolls
 g - 2 scrolls of teleportation
 m - 2 scrolls of identify
Potions
 b - a potion of curing
 f - 2 potions of brilliance
 i - a potion of haste
Comestibles
 c - 7 rations
 h - a chunk of flesh


   Skills:
 + Level 4.0(2.7) Fighting
 + Level 3.7(2.4) Axes
 + Level 0.4(0.0) Throwing
 * Level 3.4(2.2) Armour
 + Level 1.3(0.2) Dodging
 * Level 3.7(2.5) Invocations


You had 5 spell levels left.
You didn't know any spells.
Your spell library was empty.

Dungeon Overview and Level Annotations

Branches:
Dungeon (4/15)
 Temple: D:4-7

Altars:


Innate Abilities, Weirdness & Mutations

You have hooves in place of feet.
Armour fits poorly on your strangely shaped body.
You cover ground very quickly.
You have extremely tough skin. (AC +3)


Message History

Lugonu accepts your kill. The orc wizard hits you with a dagger.
Your ring mail prevents you from hitting the orc wizard.
You kick the orc wizard.
The orc wizard is heavily wounded.
The orc wizard hits you but does no damage.
Unknown command.
You barely miss the orc wizard. Your kick misses the orc wizard.
The orc wizard is heavily wounded.
The orc wizard points at you and mumbles some strange words.
You resist with some effort. The wyvern bites you.
Unknown command.
You closely miss the orc wizard.
You kick the orc wizard, but do no damage.
The orc wizard is heavily wounded.
You hit the wyvern. The wyvern bites you!
* * * LOW HITPOINT WARNING * * *
The orc wizard hits you but does no damage.
The wyvern bites you!
You die...

...
#..>)............
...
#....[......>...#
..
#...)......(....#
..
##..(..........##
?#####...........##
..# ####...######
#.# #.)..### #.##
#.o)...#
#..####.@###.#
##...##l.## .#
###..[...# ..
#####[..#...#.#
#....<........#
....########......
.. .###.. ## .


You could see a wyvern and an orc wizard.

Vanquished Creatures
  A phantom (D:4)
  An ogre (D:3)
  4 orc wizards
  2 worker ants (D:4)
  6 adders
  4 worms
  A dart slug (D:3)
  2 leopard geckos
  9 orcs
  2 giant cockroaches (D:1)
  7 goblins
  7 hobgoblins
  7 jackals (D:2)
  A quokka (D:3)
  4 ball pythons
  4 bats
  4 frilled lizards
  5 kobolds
  3 rats
74 creatures vanquished.

Notes
Turn   | Place    | Note
-------+----------+-------------------------------------------
     0 | Abyss:1  | Gargoyl the Centaur Abyssal Knight began the quest for the
                  | Orb.
     0 | Abyss:1  | Reached XP level 1. HP: 19/19 MP: 2/2
    11 | Abyss:1  | Found a shimmering altar of Xom.
    77 | Abyss:2  | Noticed a hellwing
    79 | Abyss:2  | Noticed a hellwing
   135 | Abyss:2  | Noticed a sixfirhy
   138 | D:1      | Escaped the Abyss
   380 | D:1      | Noticed a troll
   530 | D:1      | Reached XP level 2. HP: 26/26 MP: 3/3
   640 | D:1      | Reached * piety under Lugonu
  1508 | D:2      | Reached XP level 3. HP: 28/31 MP: 4/4
  1869 | D:2      | Reached XP level 4. HP: 33/39 MP: 5/5
  2656 | D:3      | Reached skill level 1 in Dodging
  2770 | D:3      | Reached ** piety under Lugonu
  3454 | D:4      | Noticed an ogre
  3455 | D:4      | Noticed a phantom
  3479 | D:3      | Killed an ogre
  3479 | D:3      | Reached XP level 5. HP: 15/46 MP: 7/7
  3877 | D:4      | Reached XP level 6. HP: 19/52 MP: 8/8
  4558 | D:4      | Reached skill level 4 in Fighting
  4643 | D:4      | Noticed a wyvern
  4647 | D:4      | Slain by a wyvern

Skill      XL: |  1  2  3  4  5  6 |
---------------+-------------------+-----
Axes           | 2 3 |  3.7
Armour         | 2 3 |  3.4
Dodging        | 1 |  1.3
Invocations    | 3 |  3.7
Fighting       | 4 |  4.0
Throwing       | |  0.4

Action                   |  1- 3 |  4- 6 || total
-------------------------+-------+-------++-------
Melee: Hand axe          |    98 |   160 ||   258
       Kick              |    12 |    23 ||    35
 Fire: Blowgun           |       |     2 ||     2
Throw: Tomahawk          |       |     9 ||     9
Invok: Depart the Abyss  |     1 |       ||     1
Evoke: Wand              |       |     2 ||     2
  Use: Scroll            |     4 |     5 ||     9
       Potion            |     1 |     4 ||     5
  Eat: Chunk             |     2 |     8 ||    10
Armor: Leather armour    |    57 |    12 ||    69
       Ring mail         |       |    71 ||    71
Dodge: Dodged            |    50 |    73 ||   123
